 Dungeon Crawl Stone Soup version 0.27-a0-46-g34d46f0a3f (webtiles) character file.

Game seed: 17635667565579294873

1345 Borgoz the Ruffian (level 8, 0/68 HPs)
             Began as a Ghoul Gladiator on Jan 6, 2021.
             Slain by a gnoll
             ... wielding a +0 club
              (2 damage)
             ... on level 6 of the Dungeon.
             The game lasted 00:04:48 (6307 turns).

Borgoz the Ruffian (Ghoul Gladiator)                Turns: 6307, Time: 00:04:49

Health: 0/68       AC:  8    Str: 18    XL:     8   Next: 62%
Magic:  7/7        EV: 13    Int:  3    God:
Gold:   292        SH:  0    Dex: 12    Spells: 7/7 levels left

rFire    . . .     SeeInvis .     - Unarmed
rCold    + . .     Faith    .   (no shield)
rNeg     + + +     Spirit   .   i - +0 ring mail
rPois    ∞         Reflect  .   b - +0 helmet
rElec    .         Harm     .   e - +0 cloak
rCorr    .         Rampage  .   (no gloves)
Will     .....                  (no boots)
Stlth    +.........             (no amulet)
HPRegen  0.00/turn              (no ring)
MPRegen  0.10/turn              (no ring)

@: brilliant, flying
A: claws 1, cold resistance 1, negative energy resistance 3, inhibited
regeneration, torment resistance, unbreathing
a: no special abilities


You were on level 6 of the Dungeon.
You visited 1 branch of the dungeon, and saw 6 of its levels.

You collected 292 gold pieces.

Inventory:

Missiles
 c - 3 throwing nets (quivered)
Armour
 b - a +0 helmet (worn)
 e - a +0 cloak (worn)
 i - a +0 ring mail (worn)
Wands
 j - a wand of random effects (25)
 l - a wand of iceblast (9)
Scrolls
 d - a scroll of blinking
 f - 3 scrolls of teleportation
 g - 2 scrolls of identify
 k - a scroll of enchant armour
 m - 3 scrolls of fear
 p - a scroll of fog
 r - a scroll of immolation {unknown}
 s - a scroll of remove curse
Potions
 h - 2 potions of cancellation


   Skills:
 + Level 5.0 Fighting
 - Level 1.7 Throwing
 + Level 3.5 Armour
 * Level 6.0 Dodging
 * Level 7.2 Unarmed Combat


You had 7 spell levels left.
You didn't know any spells.
Your spell library contained the following spells:

 Spells                   Type           Power        Failure   Level
 Sting                    Tmut/Pois      0%           71%         1
 Poisonous Vapours        Pois/Air       0%           85%         2
 Ignite Poison            Fire/Tmut/Pois 0%           97%         3
 Mephitic Cloud           Conj/Pois/Air  0%           97%         3
 Olgreb's Toxic Radiance  Pois           0%           100%        4


Dungeon Overview and Level Annotations

Branches:
Dungeon (6/15)
 Temple: D:4-7

Altars:
Dithmenos
Gozag
Okawaru
Qazlal
Trog
Uskayaw
Vehumet


Innate Abilities, Weirdness & Mutations

You thrive by killing the living.
You are immune to poison.
You have sharp fingernails.
Your flesh is cold resistant. (rC+)
You are immune to negative energy. (rN+++)
You do not regenerate when monsters are visible.
You are immune to unholy pain and torment.
You can survive without breathing.


Message History

The gnoll sergeant burns you.
* * * LOW HITPOINT WARNING * * *
The gnoll hits you with a +0 club.
* * * LOW HITPOINT WARNING * * *
The gnoll misses you. The gnoll barely misses you.
You feel better.
The gnoll sergeant hits you with a +6 spear of flaming.
* * * LOW HITPOINT WARNING * * *
The gnoll sergeant burns you.
* * * LOW HITPOINT WARNING * * *
The gnoll closely misses you. The gnoll completely misses you.
The gnoll hits you with a +0 halberd!
* * * LOW HITPOINT WARNING * * *
You feel better.
The gnoll sergeant hits you with a +6 spear of flaming!
* * * LOW HITPOINT WARNING * * *
The gnoll sergeant burns you.
* * * LOW HITPOINT WARNING * * *
The gnoll hits you with a +0 club.
You die...

##>...### #..#....
##.....###.......
####
##.............)
...#.
#.............#
.....#
##.........####
#.....# ##......###
#.....### #...).##
#..!.gg.####..)))##
#g@..###......#
##g.............#
##...............#
#..###...##......
#..## ##...#####..
#..## #...# #. #..#
##...# . ...# ....#
... ....#


You could see a gnoll sergeant and 3 gnolls.

Vanquished Creatures
  An orc warrior (D:6)
  A phantom (D:4)
  3 ogres
  3 centaurs
  A howler monkey (D:5)
  A hound (D:4)
  A jelly (D:5)
  2 orc priests
  Crazy Yiuf (D:3)
  2 orc wizards
  A bullfrog skeleton (D:5)
  Jessica (D:3)
  2 iguanas
  Natasha (thrice) (D:3)
  2 worker ants (D:4)
  2 hound skeletons (D:5)
  5 adders
  A white imp (D:5)
  3 oozes
  2 adder skeletons (D:4)
  2 worms (D:2)
  A dart slug (D:3)
  3 leopard geckos
  15 orcs
  8 giant cockroaches
  9 goblins
  4 hobgoblins
  9 jackals
  6 kobolds
  4 quokkas
  6 bats
  5 frilled lizards
  A leopard gecko skeleton (D:4)
  A leopard gecko zombie (D:5)
  7 rats
119 creatures vanquished.

Vanquished Creatures (others)
  7 plants (D:3)
7 creatures vanquished.

Grand Total: 126 creatures vanquished

Notes
Turn   | Place    | Note
-------+----------+-------------------------------------------
     0 | D:1      | Borgoz the Ghoul Gladiator began the quest for the Orb.
     0 | D:1      | Reached XP level 1. HP: 17/17 MP: 0/0
   237 | D:1      | Reached XP level 2. HP: 25/25 MP: 1/1
   883 | D:2      | Reached XP level 3. HP: 30/30 MP: 2/2
   914 | D:2      | Found a stormy altar of Qazlal.
  1588 | D:2      | Reached skill level 1 in Armour
  1816 | D:3      | Noticed a centaur
  1999 | D:2      | Killed a centaur
  2000 | D:2      | Reached skill level 4 in Unarmed Combat
  2000 | D:2      | Reached XP level 4. HP: 6/38 MP: 3/3
  2000 | D:2      | Reached XP level 5. HP: 7/45 MP: 4/4
  2294 | D:3      | Noticed Natasha
  2307 | D:3      | Killed Natasha
  2462 | D:3      | Noticed Natasha
  2475 | D:3      | Killed Natasha
  2549 | D:3      | Noticed Jessica
  2554 | D:3      | Killed Jessica
  2555 | D:3      | Reached XP level 6. HP: 43/51 MP: 5/5
  2768 | D:3      | Found a runed translucent door.
  2769 | D:3      | Noticed Crazy Yiuf
  2835 | D:3      | Noticed Natasha
  2842 | D:3      | Killed Natasha
  2843 | D:3      | Reached skill level 5 in Unarmed Combat
  3265 | D:3      | Killed Crazy Yiuf
  3533 | D:4      | Noticed a phantom
  3567 | D:4      | Killed a phantom
  3862 | D:4      | Reached XP level 7. HP: 48/58 MP: 6/6
  4233 | D:4      | Reached skill level 5 in Dodging
  4233 | D:4      | Reached skill level 6 in Unarmed Combat
  4934 | D:5      | Entered Level 5 of the Dungeon
  4934 | D:5      | Found an iron altar of Okawaru.
  4934 | D:5      | Found a bloodstained altar of Trog.
  4934 | D:5      | Found a hide-covered altar of Uskayaw.
  4934 | D:5      | Found a radiant altar of Vehumet.
  5019 | D:5      | Reached XP level 8. HP: 51/67 MP: 7/7
  5324 | D:5      | Found a shadowy altar of Dithmenos.
  6070 | D:5      | Found an opulent altar of Gozag.
  6224 | D:6      | Reached skill level 7 in Unarmed Combat
  6257 | D:6      | Reached skill level 5 in Fighting
  6306 | D:6      | HP: 3/68 [gnoll/+0 halberd (8)]
  6307 | D:6      | Slain by a gnoll

Illustrated notes

Levels and vault maps discovered:
D:1:      ebering_trefoil_3fold, layout_basic
D:2:      layout_loops_ring, nicolae_qazlal_general_emergency
D:3:      layout_loops_ring, guppyfry_early_lair_pool, uniq_natasha,
          uniq_jessica, uniq_crazy_yiuf_cottage
D:4:      layout_basic
D:5:      layout_layer_cave, grunt_dithmenos_smoke,
          chequers_temple_overflow_statue_of_worship,
          lemuel_coloured_pillars_altar
D:6:      layout_layer_cave, gammafunk_temple_overflow_wave,
          minmay_temple_entry_wispy, uniq_grinder, uniq_blork_the_orc

Skill      XL: |  1  2  3  4  5  6  7  8 |
---------------+-------------------------+-----
Dodging        | 3 4 5 6 |  6.0
Armour         | 1 2 3 |  3.5
Fighting       | 3 4 5 |  5.0
Unarmed Combat | 4 5 6 7 |  7.2
Throwing       | |  1.7

Action                   |  1- 3 |  4- 6 |  7- 9 || total
-------------------------+-------+-------+-------++-------
Melee: Unarmed           |   138 |   131 |   179 ||   448
       Punch             |     2 |     3 |     4 ||     9
Throw: Throwing net      |       |     1 |     1 ||     2
  Use: Scroll            |     4 |    11 |       ||    15
       Potion            |       |       |     7 ||     7
Armor: Leather armour    |     5 |       |       ||     5
       Ring mail         |    41 |    32 |    46 ||   119
Dodge: Dodged            |   102 |    46 |   137 ||   285

Table legend: (Time is in decaauts)
 A = Elapsed time spent in this place.
 B = Non-inter-level travel time spent in this place.
 C = Inter-level travel time spent in this place.
 D = Time resting spent in this place.
 E = Time spent auto-exploring this place.
 F = Levels seen in this place.
 G = Mean time per level.
                   A        B        C        D        E       F      G
               +--------+--------+--------+--------+--------+-----+--------+
         Total |   6265 |   6104 |    161 |   1959 |   3317 |   6 | 1044.2 |
       Dungeon |   6265 |   6104 |    161 |   1959 |   3317 |   6 | 1044.2 |
               +--------+--------+--------+--------+--------+-----+--------+

Top non-repeatable levels by time:
     D:4: 1465 daAuts
     D:2: 1429 daAuts
     D:5: 1261 daAuts
     D:3: 1234 daAuts
     D:1: 774 daAuts
     D:6: 99 daAuts
